 Dungeon Crawl Stone Soup version 0.26.1-11-gd32895ea62 (webtiles) character file.

Game seed: 4400817738130014105

17 tizbic2 the Stinger (level 2, 0/24 HPs)
             Began as a Troll Venom Mage on June 27, 2021.
             Killed by nerve-wracking pain
             ... invoked by a shadow imp
             ... summoned by Natasha
              (14 damage)
             ... on level 2 of the Dungeon.
             The game lasted 00:03:56 (785 turns).

tizbic2 the Stinger (Troll Venom Mage)               Turns: 785, Time: 00:03:59

Health: 0/24       AC:  6    Str: 15    XL:     2   Next: 44%
Magic:  1/2        EV: 10    Int: 11    God:
Gold:   51         SH:  0    Dex: 12    Spells: 2/3 levels left

rFire    . . .     SeeInvis .   (no weapon)
rCold    . . .     Faith    .   (no shield)
rNeg     . . .     Spirit   .   h - +0 robe
rPois    .         Reflect  .   (helmet restricted)
rElec    .         Harm     .   (no cloak)
rCorr    .         Rampage  .   (gloves unavailable)
Will     .....     Clarity  +   (boots unavailable)
Stlth    ++........             (no amulet)
HPRegen  0.48/turn              (no ring)
MPRegen  0.08/turn              (no ring)

@: no status effects
A: large, unfitting armour, claws 3, talons 1, agile 1, clarity, regeneration 1,
screaming 1, shaggy fur 1, tough skin 3
a: no special abilities


You were on level 2 of the Dungeon.
You visited 1 branch of the dungeon, and saw 2 of its levels.

You collected 51 gold pieces.

Inventory:

Armour
 h - a +0 robe (worn)
Scrolls
 d - 2 scrolls of enchant weapon {unknown}
 e - a scroll of amnesia {unknown}
 f - a scroll of teleportation {unknown}
 g - a scroll of identify {unknown}
Potions
 b - a potion of brilliance {unknown}
 c - a potion of flight {unknown}


   Skills:
 + Level 1.6 Dodging
 - Level 1.0 Stealth
 * Level 0.6 Unarmed Combat
 + Level 1.2 Spellcasting
 + Level 0.6 Transmutations
 * Level 2.6 Poison Magic


You had 2 spell levels left.
You knew the following spells:

 Your Spells              Type           Power        Failure   Level
a - Sting                 Tmut/Pois      16%          16%         1

Your spell library contained the following spells:

 Spells                   Type           Power        Failure   Level
 Poisonous Vapours        Pois/Air       6%           28%         2
 Ignite Poison            Fire/Tmut/Pois 3%           52%         3
 Mephitic Cloud           Conj/Pois/Air  2%           54%         3
 Olgreb's Toxic Radiance  Pois           6%           71%         4


Dungeon Overview and Level Annotations

Branches:
Dungeon (2/15)

Altars:

Annotations:
D:2 Natasha


Innate Abilities, Weirdness & Mutations

You are too large for most types of armour.
You have claws for hands.
Your natural rate of healing is unusually fast.
You are covered in fur. (AC +1)
You have extremely tough skin. (AC +3)
You have sharp toenails.
You are agile. (Dex +2)
You possess an exceptional clarity of mind.
You occasionally shout uncontrollably at your foes.


Message History

Confirm with . or Enter, or press ? or * to list all spells.
Aiming: Sting (safe; 16% risk of failure)
Press: ? - help, Shift-Dir - straight line, f - Natasha
Aim: Natasha (moderately wounded, 45% to evade)
The sting hits Natasha.
Natasha is poisoned.
Natasha is moderately wounded.
Natasha barely misses you.
You closely miss Natasha.
Natasha is heavily wounded.
Natasha casts a spell.
You barely miss the shadow imp.
Natasha drinks a potion.
Natasha is healed!
Natasha looks more healthy.
The shadow imp hits you but does no damage.
You scratch Natasha.
Natasha is moderately wounded.
Natasha claws you. The shadow imp gestures at you.
Pain shoots through your body!
Ouch! That really hurt!
You die...

#.<...# #.. ......# #.#
.....## #.# ..... #.#
#... ... #.# #..## #.#
#.# #...# #.# #h# #
#†..# #.#
##@##.#####†..###.#
######.5.#.##..<.....>.#
...........##......†....
######...####..........#
##.########...###.#
...####................#
#>................#####
###################


You could see Natasha and a shadow imp (summoned).

Vanquished Creatures
  2 giant cockroaches (D:1)
  3 goblins (D:1)
  2 hobgoblins
  2 bats
  2 frilled lizards
  3 kobolds (D:1)
  2 rats (D:1)
16 creatures vanquished.

Notes
Turn   | Place    | Note
-------+----------+-------------------------------------------
     0 | D:1      | tizbic2 the Troll Venom Mage began the quest for the Orb.
     0 | D:1      | Reached XP level 1. HP: 16/16 MP: 1/1
   249 | D:1      | Reached XP level 2. HP: 24/24 MP: 2/2
   775 | D:2      | Gained mutation: You occasionally shout uncontrollably at
                  | your foes. [potion of mutation]
   775 | D:2      | Gained mutation: You are agile. (Dex +2) [potion of
                  | mutation]
   775 | D:2      | Gained mutation: You possess an exceptional clarity of
                  | mind. [potion of mutation]
   775 | D:2      | Gained mutation: You have sharp toenails. [potion of
                  | mutation]
   776 | D:2      | Noticed Natasha
   785 | D:2      | Killed from afar by a shadow imp

Illustrated notes

Levels and vault maps discovered:
D:1:      zelgadis_glass_arrival_small, layout_basic, roderic_roman_lattice
D:2:      layout_loops_ring, gammafunk_temple_overflow_elements, uniq_jessica,
          uniq_sigmund, uniq_natasha

Action                   || total
-------------------------++-------
Melee: Unarmed           ||    42
 Cast: Sting             ||     5
  Use: Potion            ||     1
 Stab: Sleeping          ||     2
Armor: Robe              ||    14
Dodge: Dodged            ||    25
